 Dungeon Crawl Stone Soup version 0.29.1-1-gd02db6906a (webtiles) character file.

Game seed: 233314285131226480

9 Kold the Trooper (level 2, 24/24 HPs)
             Began as a Demonspawn Monk on Oct 19, 2022.
             Quit the game on level 1 of the Dungeon.
             The game lasted 00:00:16 (304 turns).

Kold the Trooper (Demonspawn Monk)                   Turns: 304, Time: 00:00:17

Health: 24/24      AC:  2    Str: 11    XL:     2   Next: 3%
Magic:  2/2        EV: 13    Int: 11    God:
Gold:   64         SH:  0    Dex: 15    Spells: 1/1 levels left

rFire   . . .      SeeInvis .     - Unarmed
rCold   . . .      Faith    .   (no shield)
rNeg    . . .      Spirit   .   a - +0 robe
rPois   .          Reflect  .   (helmet restricted)
rElec   .          Harm     .   (no cloak)
rCorr   +          Rampage  .   (no gloves)
Will    .....                   (no boots)
Stlth   ++........              (no amulet)
HPRegen 0.08/turn               d - ring of resist corrosion
MPRegen 0.08/turn               (no ring)

@: no status effects
A: horns 1
a: no special abilities


You were on level 1 of the Dungeon.
You visited 1 branch of the dungeon, and saw 1 of its levels.

You collected 64 gold pieces.

Inventory:

Armour
 a - a +0 robe (worn)
Jewellery
 d - a ring of resist corrosion (left hand)
Scrolls
 c - 2 scrolls of identify {unknown}
Potions
 b - a potion of ambrosia


   Skills:
 + Level 3.1 Fighting
 + Level 2.8 Dodging
 + Level 2.0 Stealth
 + Level 2.8 Unarmed Combat


You had one spell level left.
You didn't know any spells.
Your spell library was empty.

Dungeon Overview and Level Annotations

Branches:
Dungeon (1/15)

Altars:


Innate Abilities, Weirdness & Mutations

You have a pair of small horns on your head.


Message History

The jackal bites you.
You hit the jackal but do no damage. The jackal misses you.
You hit the jackal.
The jackal is heavily wounded.
The jackal misses you.
You barely miss the jackal.
The jackal is heavily wounded.
The jackal barely misses you. The jackal bites you.
You barely miss the jackal.
The jackal is heavily wounded.
The jackal misses you.
You closely miss the jackal.
The jackal is heavily wounded.
The jackal barely misses you.
You barely miss the jackal.
The jackal is heavily wounded.
The jackal completely misses you. The jackal misses you.
You hit the jackal.
You kill the jackal!
Your Stealth skill increases to level 2!
A kobold comes into view. It is wielding a +0 short sword.
The helpless jackal fails to defend itself.
You hit the jackal.
You kill the jackal!
The kobold shouts!
You hit the kobold.
The kobold is severely wounded.
The kobold hits you but does no damage.
You miss the kobold.
The kobold is severely wounded.
The kobold hits you with a +0 short sword.
You hit the kobold.
You kill the kobold!
You have reached level 2!
Your demonic ancestry asserts itself...
A pair of horns grows on your head!
You see here a +0 short sword.
A frilled lizard and an endoplasm come into view.
There are monsters nearby!
Are you sure you want to abandon this character and quit the game? (Confirm with "yes".)

..)..####......####......# #
#..####..........####)...# #
#............#.).........# #
#..........#.##..........## #
############.##......[....#######
#..#.................#
##.............#####..
###...)........ ###
#.@........#.# #
#........######.. # #........#
### # l.J........# ..
........$.... ... ###........###
... #........# ##. #........# #.


You could see an endoplasm (asleep) and a frilled lizard (asleep).

Vanquished Creatures
  A goblin (D:1)
  2 jackals (D:1)
  A quokka (D:1)
  A frilled lizard (D:1)
  3 kobolds (D:1)
8 creatures vanquished.

Notes
Turn   | Place    | Note
-------+----------+-------------------------------------------
     0 | D:1      | Kold the Demonspawn Monk began the quest for the Orb.
     0 | D:1      | Reached XP level 1. HP: 18/18 MP: 1/1
    60 | D:1      | Found a faded altar of an unknown god.
   238 | D:1      | Gained mutation: You have a pair of small horns on your
                  | head. [demonic ancestry]
   238 | D:1      | Reached XP level 2. HP: 20/24 MP: 2/2
   304 | D:1      | Quit the game

Illustrated notes

Levels and vault maps discovered:
D:1:      lightli_arrival_isolated_outpost, layout_rooms,
          basic_ecumenical_altar, minmay_misc_feat_x

Skill      XL: |  1 |
---------------+----+-----
Stealth        | 2 |  2.0
Fighting       | |  3.1
Dodging        | |  2.8
Unarmed Combat | |  2.8

Action                   || total
-------------------------++-------
Melee: Unarmed           ||    22
 Stab: Sleeping          ||     2
Armor: Robe              ||     1
Dodge: Dodged            ||    12
